Selects Luftwaffe Battlegroup
Selects Luftwaffe Pioneer Support
Fallschirmpioneer Squad Paradrop
Fallschirmpioneer Squad Paradrop
Construct Infanterie Kompanie
Fallschirmpioneer Squad Paradrop
Infanterie Officer Quarters
Fallschirmpioneer Squad Paradrop
Selects LG40 Recoilless Gun Paradrop
Selects Stuka Strafing Run
LG40 Recoilless Gun Paradrop
Construct Panzergrenadier Kompanie
Pak 40 Anti-tank Gun Team
Construct Panzer Kompanie
LG40 Recoilless Gun Paradrop
Selects Infantry Reserves